 Dungeon Crawl Stone Soup version 0.30-a0-297-g0ec75d9ef4 (webtiles) character file.

Game seed: 4465009749757422775

6225 Hubris850 the Basher (level 10, -6/83 HPs)
             Began as a Gnoll Cinder Acolyte on Oct 18, 2022.
             Was a Believer of Zin.
             Mangled by a fire elemental (12 damage)
             ... created by the fiery vengeance of Ignis
             ... on level 8 of the Dungeon on Oct 19, 2022.
             The game lasted 00:26:29 (8308 turns).

Hubris850 the Basher (Gnoll Cinder Acolyte)         Turns: 8308, Time: 00:26:30

Health: -6/83      AC: 10    Str: 16    XL:     10   Next: 92%
Magic:  0/20       EV: 12    Int: 15    God:    Zin [**....]
Gold:   362        SH:  0    Dex:  8    Spells: 20/22 levels left

rFire   . . .      SeeInvis .    U - +2 whip (elec)
rCold   . . .      Faith    .    (no shield)
rNeg    . . .      Spirit   +    r - +0 ring mail
rPois   .          Reflect  .    (no helmet)
rElec   .          Harm     .    m - +0 cloak
rCorr   .          Rampage  .    N - +0 pair of gloves
Will    .....                    f - +0 pair of boots
Stlth   ++........               S - amulet of guardian spirit
HPRegen 0.33/turn                B - ring of protection from fire
MPRegen 0.17/turn                (no ring)

@: fire susceptible
A: fangs 1, strong nose, distributed training
a: Renounce Religion, Recite, Vitalisation, Donate Gold


You were on level 8 of the Dungeon.
You worshipped Zin.
Zin was pleased with you.
You visited 1 branch of the dungeon, and saw 8 of its levels.
You also visited: Ossuary.

You collected 402 gold pieces.
You donated 40 gold pieces to Zin.

Inventory:

Hand Weapons
 a - a -1 mace of flaming
 s - a +0 vorpal hand axe
 E - a +3 flail of draining
 J - a +0 longbow
 L - a +0 whip of electrocution
 U - a +2 whip of electrocution (weapon)
Missiles
 c - 21 poisoned darts
 q - 2 silver boomerangs
 Q - a boomerang
Armour
 b - a +0 robe
 f - a +0 pair of boots (worn)
 m - a +0 cloak (worn)
 r - a +0 ring mail (worn)
 v - a scarf of invisibility
 N - a +0 pair of gloves (worn)
 T - the +1 scale mail of Plasticity {Harm Regen+ Str-5 Stlth+}
   (You found it on level 8 of the Dungeon)

   Str:       It affects your strength (-5).
   Regen:     It increases your rate of health regeneration.
   Harm:      It increases damage dealt and taken.
   Stlth:     It makes you more stealthy.
Magical Staves
 I - a staff of earth
 P - a staff of air
Jewellery
 B - a ring of protection from fire (left hand)
 S - an amulet of guardian spirit (around neck)
Wands
 j - a wand of quicksilver (4)
 x - a wand of mindburst (12)
 M - a wand of charming (6)
 O - a wand of flame (13)
Scrolls
 e - 4 scrolls of vulnerability {unknown}
 g - 2 scrolls of immolation {unknown}
 i - 9 scrolls of identify {unknown}
 k - 2 scrolls of blinking {unknown}
 n - 2 scrolls of poison {unknown}
 p - 3 scrolls of fear {unknown}
 t - 2 scrolls of teleportation {unknown}
 u - a scroll of butterflies {unknown}
 w - 5 scrolls of magic mapping {unknown}
 y - 2 scrolls of amnesia {unknown}
 A - 2 scrolls of acquirement {unknown}
 D - a scroll of torment {unknown}
Potions
 d - 3 potions of might {unknown}
 h - 4 potions of lignification {unknown}
 l - 8 potions of curing
 o - 5 potions of flight {unknown}
 z - 2 potions of degeneration {unknown}
 C - 2 potions of heal wounds {unknown}
 F - a potion of cancellation {unknown}
 G - a potion of ambrosia {unknown}
 H - 2 potions of haste {unknown}
 K - 3 potions of attraction {unknown}
 R - a potion of resistance {unknown}


   Skills:
 + Level 9.0 Fighting
 + Level 5.9 Short Blades
 + Level 5.9 Long Blades
 + Level 5.9 Axes
 + Level 9.0 Maces & Flails
 + Level 5.9 Polearms
 + Level 5.9 Staves
 + Level 5.9 Ranged Weapons
 + Level 5.9 Throwing
 + Level 5.9 Armour
 + Level 5.9 Dodging
 + Level 5.9 Stealth
 + Level 5.9 Shields
 + Level 5.9 Unarmed Combat
 + Level 6.6 Spellcasting
 + Level 4.9 Conjurations
 + Level 4.9 Hexes
 + Level 4.9 Summonings
 + Level 4.9 Necromancy
 + Level 4.9 Translocations
 + Level 4.9 Transmutations
 + Level 7.4 Fire Magic
 + Level 4.9 Ice Magic
 + Level 4.9 Air Magic
 + Level 4.9 Earth Magic
 + Level 4.9 Poison Magic
 + Level 6.5 Invocations
 + Level 5.9 Evocations


You had 20 spell levels left.
You knew the following spells:

 Your Spells              Type           Power      Damage    Failure   Level
a - Scorch                Fire           54%        2d8       1%          2

Your spell library contained the following spells:

 Spells                   Type           Power      Damage    Failure   Level
 Ozocubu's Armour         Ice            19%        N/A       10%         3
 Tukima's Dance           Hex            19%        N/A       10%         3
 Passage of Golubria      Tloc           19%        N/A       30%         4
 Freezing Cloud           Conj/Ice/Air   9%         6-21      65%         5
 Metabolic Englaciation   Hex/Ice        9%         N/A       65%         5
 Yara's Violent Unravell  Hex/Tmut       9%         3d6       65%         5
 Simulacrum               Ice/Necr       9%         N/A       99%         6
 Polar Vortex             Ice            9%         N/A       100%        9


Dungeon Overview and Level Annotations

Branches:
Dungeon (8/15)             Temple (0/1) D:6         Ossuary (visited)
   Lair: D:8-11

Altars:
Cheibriados
Elyvilon
Uskayaw
Xom
Zin

Shops:
D:3 :


Innate Abilities, Weirdness & Mutations

You have very sharp teeth.
Your uncanny sense of smell can sniff out nearby items.
Your experience applies equally to all skills.


Message History

You kill the yak!
You hit the yak. You bite the yak.
The yak is lightly wounded.
The yak gores you.
* * * LOW HITPOINT WARNING * * *
You barely miss the yak.
The yak is lightly wounded.
You hit the yak but do no damage. Lightning courses through the yak!
The yak is heavily wounded.
The yak gores you!
* * * LOW HITPOINT WARNING * * *
You hit the yak but do no damage. Lightning courses through the yak!
Your bite misses the yak.
The yak is almost dead.
The yak gores you.
* * * LOW HITPOINT WARNING * * *
You hit the yak.
You kill the yak!
Your Fighting skill increases to level 9!
Your Maces & Flails skill increases to level 9!
Items here: †††††.
You start resting. "Attack, my last stalwart servants!" 3 fire elementals come into view.
You feel better.
You hit the fire elemental.
The fire elemental is lightly damaged.
You closely miss the fire elemental.
The fire elemental is lightly damaged.
The fire elemental hits you. The fire elemental burns you!
* * * LOW HITPOINT WARNING * * *
The fire elemental barely misses you.
You completely miss the fire elemental.
The fire elemental is lightly damaged.
The fire elemental barely misses you. The fire elemental hits you.
* * * LOW HITPOINT WARNING * * *
The fire elemental burns you!
* * * LOW HITPOINT WARNING * * *
The fire elemental hits you. The fire elemental burns you!
You die...

#####.#......##.# ..#
#.#.##...##.#
..###.#.##......#
......#.##...##.#
................#
...##.#.........#
...#...[......###
...##..))..#..###########
...#...........E@E.......
......###.....#E#########
......##......#○#
#.....##......#.#
...#..##.###.Y...
#.....##. #..#.#
#.....#.. ...#.# ........
...... ........ #### #!


You could see 3 fire elementals.

Vanquished Creatures
  Pikel (D:6)
  Joseph (D:7)
  Grinder (D:3)
  Sigmund (D:4)
  10 yaks (D:8)
  A steam dragon (D:5)
  Edmund (D:4)
  Duvessa (D:6)
  A water moccasin (D:5)
  2 sky beasts (D:7)
  3 black bears
  An ice beast (D:6)
  2 ogres (D:6)
  A hornet zombie (Ossuary)
  A phantom (D:4)
  A kobold brigand (D:8)
  Blork the orc (D:4)
  2 bullfrogs (D:7)
  5 scorpions
  A necrophage (D:4)
  A wyvern zombie (Ossuary)
  2 water moccasin zombies (Ossuary)
  Dowan (D:6)
  5 killer bees (D:8)
  5 bullfrog zombies (Ossuary)
  2 centaur zombies (Ossuary)
  A gnoll bouda (D:8)
  2 orc priests (D:7)
  A jelly (D:5)
  5 hounds
  2 iguanas
  Terence (D:2)
  A scorpion zombie (D:5)
  An orc wizard (D:7)
  7 killer bee zombies (Ossuary)
  11 mummies (Ossuary)
  A hound zombie (D:5)
  A hound skeleton (D:5)
  4 howler monkey zombies (Ossuary)
  14 gnolls
  7 adders
  A shadow imp (D:6)
  A white imp (D:6)
  2 ufetubi
  5 worms
  21 orcs
  4 bats
  7 endoplasms
  2 giant cockroaches
  8 goblins
  7 hobgoblins
  4 jackals (D:2)
  8 ball pythons
  6 frilled lizards
  10 kobolds
  5 rats
204 creatures vanquished.

Vanquished Creatures (others)
  72 foxfires
  7 withered plants (Ossuary)
79 creatures vanquished.

Grand Total: 283 creatures vanquished

Notes
Turn   | Place    | Note
-------+----------+-------------------------------------------
     0 | D:1      | Hubris850 the Gnoll Cinder Acolyte began the quest for the
                  | Orb.
     0 | D:1      | Reached XP level 1. HP: 23/23 MP: 4/4
    77 | D:1      | Reached XP level 2. HP: 26/29 MP: 5/5
   109 | D:1      | Learned a level 2 spell: Scorch
   328 | D:1      | Reached XP level 3. HP: 35/35 MP: 7/7
   496 | D:1      | Reached skill level 1 in Invocations
   609 | D:1      | Found a faded altar of an unknown god.
   769 | D:2      | Noticed Terence
   897 | D:2      | Killed Terence
   898 | D:2      | Reached skill level 1 in Short Blades
   898 | D:2      | Reached skill level 1 in Long Blades
   898 | D:2      | Reached skill level 1 in Axes
   898 | D:2      | Reached skill level 1 in Polearms
   898 | D:2      | Reached skill level 1 in Staves
   898 | D:2      | Reached skill level 1 in Ranged Weapons
   898 | D:2      | Reached skill level 1 in Throwing
   898 | D:2      | Reached skill level 1 in Armour
   898 | D:2      | Reached skill level 1 in Dodging
   898 | D:2      | Reached skill level 1 in Stealth
   898 | D:2      | Reached skill level 1 in Shields
   898 | D:2      | Reached skill level 1 in Unarmed Combat
   898 | D:2      | Reached skill level 1 in Evocations
   898 | D:2      | Reached XP level 4. HP: 25/41 MP: 1/8
  1148 | D:2      | Reached skill level 1 in Conjurations
  1148 | D:2      | Reached skill level 1 in Hexes
  1148 | D:2      | Reached skill level 1 in Summonings
  1148 | D:2      | Reached skill level 1 in Necromancy
  1148 | D:2      | Reached skill level 1 in Translocations
  1148 | D:2      | Reached skill level 1 in Transmutations
  1148 | D:2      | Reached skill level 1 in Ice Magic
  1148 | D:2      | Reached skill level 1 in Air Magic
  1148 | D:2      | Reached skill level 1 in Earth Magic
  1148 | D:2      | Reached skill level 1 in Poison Magic
  1718 | D:3      | Noticed an angel
  1841 | D:3      | Found a shimmering altar of Xom.
  1845 | D:3      | Found a glowing silver altar of Zin.
  1910 | D:3      | Reached XP level 5. HP: 47/47 MP: 2/9
  2111 | D:3      | Noticed Grinder
  2116 | D:3      | Killed Grinder
  2117 | D:3      | Reached XP level 6. HP: 50/53 MP: 1/11
  2476 | D:3      | Found Ismumicw's Book Shop.
  2816 | D:4      | Noticed a black bear
  2823 | D:4      | Killed a black bear
  2915 | D:4      | Found a sand-covered staircase.
  2925 | D:4      | Reached XP level 7. HP: 58/60 MP: 3/12
  3003 | Ossuary  | Entered an ossuary
  3063 | Ossuary  | HP: 2/60 [killer bee zombie (5)]
  3235 | Ossuary  | Reached XP level 8. HP: 16/67 MP: 5/14
  4305 | D:4      | Noticed Blork the orc
  4306 | D:4      | Noticed Edmund
  4309 | D:4      | Noticed Sigmund
  4312 | D:4      | Killed Blork the orc
  4317 | D:4      | Killed Sigmund
  4320 | D:4      | Killed Edmund
  4321 | D:4      | Reached XP level 9. HP: 32/73 MP: 2/16
  4659 | D:4      | Reached skill level 5 in Spellcasting
  4825 | D:5      | Entered Level 5 of the Dungeon
  5379 | D:5      | Reached skill level 5 in Invocations
  5861 | D:6      | Found a staircase to the Ecumenical Temple.
  6151 | D:6      | Noticed Dowan
  6153 | D:6      | Noticed Duvessa
  6154 | D:6      | Killed Dowan
  6163 | D:6      | Killed Duvessa
  6439 | D:7      | Reached skill level 5 in Short Blades
  6439 | D:7      | Reached skill level 5 in Long Blades
  6439 | D:7      | Reached skill level 5 in Axes
  6439 | D:7      | Reached skill level 5 in Polearms
  6439 | D:7      | Reached skill level 5 in Staves
  6439 | D:7      | Reached skill level 5 in Ranged Weapons
  6439 | D:7      | Reached skill level 5 in Throwing
  6439 | D:7      | Reached skill level 5 in Armour
  6439 | D:7      | Reached skill level 5 in Dodging
  6439 | D:7      | Reached skill level 5 in Stealth
  6439 | D:7      | Reached skill level 5 in Shields
  6439 | D:7      | Reached skill level 5 in Unarmed Combat
  6439 | D:7      | Reached skill level 5 in Evocations
  6439 | D:7      | Reached XP level 10. HP: 81/81 MP: 11/18
  6488 | D:7      | Noticed Pikel
  6500 | D:6      | Killed Pikel
  6958 | D:7      | Noticed Joseph
  6989 | D:7      | Killed Joseph
  7271 | D:7      | Found a white marble altar of Elyvilon.
  7271 | D:7      | Found a hide-covered altar of Uskayaw.
  7271 | D:7      | Found a snail-covered altar of Cheibriados.
  7657 | D:3      | Fell from the grace of Ignis
  7657 | D:3      | Became a worshipper of Zin the Law-Giver
  7657 | D:3      | Reached * piety under Zin
  7989 | D:8      | Identified the +1 scale mail of Plasticity {Harm Regen+
                  | Str-5 Stlth+}
  7997 | D:8      | Reached ** piety under Zin
  8308 | D:8      | Mangled by a fire elemental

Illustrated notes

Levels and vault maps discovered:
D:1:      lightli_molten_gateway, layout_loops_ring,
          hellmonk_ecumenical_altar_inner_sanctum, serial_aquarium,
          aquarium_bridge_square [aquarium_subvault_bridge,
          aquarium_subvault_wall, aquarium_subvault_wall,
          aquarium_subvault_balcony], aquarium_window_1, aquarium_window_1,
          aquarium_window_1, aquarium_window_corner, aquarium_view_2d,
          aquarium_balcony_3a
D:2:      layout_basic, serial_rivers, chequers_serial_rivers_room_b,
          chequers_serial_rivers_small_3, chequers_serial_rivers_micro_c,
          chequers_serial_rivers_marsh, chequers_serial_rivers_small_a,
          uniq_terence
D:3:      layout_loops_ring, grunt_temple_overflow_order_and_chaos_1,
          serial_shops, shop, wad_floor_pattern_untrapped, uniq_grinder
D:4:      black_bear_nest_2, layout_rooms, nicolae_ossuary_entry_ruins,
          grunt_decor_cap, sigmund_edmund_badplayer, uniq_blork_the_orc
D:5:      layout_cave_pools, serial_undead, serial_undead_e, serial_undead_a,
          serial_undead_e, serial_undead_b, hangedman_abyss_or_decor_slice
D:6:      layout_rooms, temple_pool_b, minivault_23, lemuel_flamethrower_1,
          uniq_duvessa
D:7:      layout_basic, gammafunk_temple_overflow_claw, wad_rectangle_vault,
          uniq_joseph, uniq_pikel
D:8:      layout_basic, grunt_ministairs_15

Skill      XL: |  1  2  3  4  5  6  7  8  9 10 |
---------------+-------------------------------+-----
Invocations    | 1 2 3 4 5 6 |  6.5
Short Blades   | 1 2 3 5 |  5.9
Long Blades    | 1 2 3 5 |  5.9
Axes           | 1 2 3 5 |  5.9
Polearms       | 1 2 3 5 |  5.9
Staves         | 1 2 3 5 |  5.9
Ranged Weapons | 1 2 3 5 |  5.9
Throwing       | 1 2 3 5 |  5.9
Armour         | 1 2 3 5 |  5.9
Dodging        | 1 2 3 5 |  5.9
Stealth        | 1 2 3 5 |  5.9
Shields        | 1 2 3 5 |  5.9
Unarmed Combat | 1 2 3 5 |  5.9
Evocations     | 1 2 3 5 |  5.9
Spellcasting   | 3 4 5 6 |  6.6
Conjurations   | 1 2 3 4 |  4.9
Hexes          | 1 2 3 4 |  4.9
Summonings     | 1 2 3 4 |  4.9
Necromancy     | 1 2 3 4 |  4.9
Translocations | 1 2 3 4 |  4.9
Transmutations | 1 2 3 4 |  4.9
Ice Magic      | 1 2 3 4 |  4.9
Air Magic      | 1 2 3 4 |  4.9
Earth Magic    | 1 2 3 4 |  4.9
Poison Magic   | 1 2 3 4 |  4.9
Fighting       | 7 8 9 |  9.0
Maces & Flails | 7 8 9 |  9.0
Fire Magic     | 6 7 |  7.4

Action                   |  1- 3 |  4- 6 |  7- 9 | 10-12 || total
-------------------------+-------+-------+-------+-------++-------
Melee: Mace              |    60 |   110 |   126 |       ||   296
       Bite              |     4 |     9 |    36 |    32 ||    81
       Punch             |       |       |     5 |     8 ||    13
       Flail             |       |       |   124 |       ||   124
       Whip              |       |       |       |   226 ||   226
Throw: Dart              |     1 |       |     3 |       ||     4
 Cast: Scorch            |     6 |    23 |   109 |    15 ||   153
Invok: Fiery Armour      |       |       |     3 |     2 ||     5
       Foxfire Swarm     |       |       |     1 |     3 ||     4
Evoke: Wand              |       |       |       |     3 ||     3
  Use: Potion            |       |       |       |     1 ||     1
 Stab: Sleeping          |     1 |     2 |     3 |       ||     6
       Distracted        |       |       |     2 |       ||     2
Armor: Robe              |    18 |     3 |       |       ||    21
       Ring mail         |       |    51 |   137 |    82 ||   270
Dodge: Dodged            |    45 |    93 |   178 |    82 ||   398

Table legend: (Time is in decaauts)
 A = Elapsed time spent in this place.
 B = Non-inter-level travel time spent in this place.
 C = Inter-level travel time spent in this place.
 D = Time resting spent in this place.
 E = Time spent auto-exploring this place.
 F = Levels seen in this place.
 G = Mean time per level.
                   A        B        C        D        E       F      G
               +--------+--------+--------+--------+--------+-----+--------+
         Total |   8289 |   7933 |    356 |   1892 |   4249 |   9 |  921.0 |
       Dungeon |   7075 |   6719 |    356 |   1114 |   4173 |   8 |  884.4 |
       Ossuary |   1214 |   1214 |      0 |    778 |     75 |   1 | 1214.0 |
               +--------+--------+--------+--------+--------+-----+--------+

Top non-repeatable levels by time:
 Ossuary: 1214 daAuts
     D:7: 1115 daAuts
     D:3: 997 daAuts
     D:4: 957 daAuts
     D:2: 949 daAuts
     D:1: 892 daAuts
     D:5: 887 daAuts
     D:6: 767 daAuts
     D:8: 508 daAuts
